 Dungeon Crawl Stone Soup version 0.19.1-1-g22dce08 (webtiles) character file.

12607 ErikD the Cruncher (level 11, 0/101 HPs)
             Began as a Minotaur Berserker on Jan 10, 2017.
             Was a High Priest of Trog.
             Slain by a rust devil (4 damage)
             ... summoned by a kobold demonologist
             ... on level 11 of the Dungeon.
             The game lasted 00:44:36 (11016 turns).

ErikD the Cruncher (Minotaur Berserker)            Turns: 11016, Time: 00:44:37

Health: 0/101      AC: -8    Str: 21    XL:     11   Next: 64%
Magic:  19/19      EV: 11    Int:  9    God:    Trog [*****.]
Gold:   313        SH:  0    Dex: 14    Spells: 0 memorised, 10 levels left

rFire  . . .     SeeInvis .     p - +3 quarterstaff (chaos)
rCold  . . .     Gourm    .     K - +0 chain mail
rNeg   . . .     Faith    .     (shield currently unavailable)
rPois  .         Spirit   .     (helmet restricted)
rElec  .         Reflect  .     n - +0 cloak
rCorr  .         Harm     .     (no gloves)
MR     .....                    R - +0 pair of boots
Stlth  ..........               X - amulet of rage
                                (no ring)
                                L - ring of magical power

@: brilliant, about to teleport, corroded
A: retaliatory headbutt, horns 2
a: Berserk, Trog's Hand, Brothers in Arms, Burn Spellbooks, Renounce Religion,
Evoke Berserk Rage


You were on level 11 of the Dungeon.
You worshipped Trog.
Trog was extremely pleased with you.
You were hungry.

You visited 2 branches of the dungeon, and saw 12 of its levels.
You also visited: Sewer.

You collected 769 gold pieces.
You spent 456 gold pieces at shops.

Inventory:

Hand Weapons
 p - a +3 quarterstaff of chaos (weapon)
 z - a +0 blowgun
 D - a +1 antimagic quarterstaff
 S - the +1 quarterstaff of Nutzipic {vamp, MR+ Str+4}
   (You bought it in a shop on level 6 of the Dungeon)

   It inflicts no extra harm, but heals its wielder when it wounds a living foe.
   It affects your strength (+4).
   It affects your resistance to hostile enchantments.
 Y - a +0 quarterstaff of freezing
Missiles
 d - 12 needles of paralysis
 A - 17 poisoned needles
 M - 5 poisoned tomahawks (quivered)
Armour
 n - a +0 cloak (worn)
 u - a cursed +0 shield
 K - a +0 chain mail (worn)
 R - a +0 pair of boots (worn)
Jewellery
 L - a ring of magical power (left hand)
 P - an uncursed ring of ice
 X - an amulet of rage (around neck)
Wands
 s - a wand of flame (36/48)
 y - a wand of random effects (13/48)
Scrolls
 e - 8 scrolls of remove curse
 h - 3 scrolls of enchant weapon
 k - 7 scrolls of identify
 l - a scroll of magic mapping
 m - a scroll of amnesia {unknown}
 q - 2 scrolls of teleportation
 r - 2 scrolls of noise {unknown}
 t - 3 scrolls of fog
 w - 3 scrolls of fear
 x - 3 scrolls of immolation {unknown}
 B - 2 scrolls of random uselessness {unknown}
 E - 8 scrolls of blinking
 F - a scroll of holy word {unknown}
 Q - a scroll of vulnerability {unknown}
 V - a scroll of enchant armour {unknown}
 Z - a scroll of recharging {unknown}
Potions
 b - a potion of cure mutation
 f - a potion of invisibility {unknown}
 g - a potion of ambrosia
 j - a potion of berserk rage
 o - a potion of lignification {unknown}
 v - a potion of beneficial mutation {unknown}
 G - a potion of mutation {unknown}
 H - a potion of haste
 I - 2 potions of flight
 J - a potion of resistance {unknown}
 O - a potion of heal wounds {unknown}
 T - a potion of agility
 W - a potion of magic {unknown}
Comestibles
 a - a beef jerky
 c - 7 bread rations
 i - 4 meat rations
 C - 7 fruits


   Skills:
 + Level 10.5 Fighting
   Level 5.9(11.0) Maces & Flails
 + Level 14.1(14.5) Staves
 + Level 0.6 Throwing
 + Level 11.2 Armour
 + Level 4.8 Dodging
 + Level 3.2 Stealth


You had 10 spell levels left.
You didn't know any spells.

Dungeon Overview and Level Annotations

Branches:
Dungeon (11/15)            Temple (1/1) D:5            Lair (0/6) D:10
    Orc: D:9-12

Altars:
Ashenzari
Cheibriados
Dithmenos
Elyvilon
Fedhas
Gozag
Hepliaklqana
Kikubaaqudgha
Makhleb
Nemelex Xobeh
Okawaru
Qazlal
Ru
Sif Muna
Trog
Uskayaw
Vehumet
Xom
Yredelemnul
Zin
The Shining One

Shops:
D:6 (   D:7 :   D:8 [   D:9 (

Portals:
Trove: D:10 (give 11 potions of heal wounds)

Annotations:
D:6 weapon shop
D:10 treasure trove also lair


Innate Abilities, Weirdness & Mutations

You reflexively headbutt those who attack you in melee.
You have a pair of horns on your head.


Message History

The hellwing is heavily wounded.
The hellwing barely misses you. You furiously retaliate!
You headbutt the hellwing, but do no damage.
The hellwing hits you. The rust devil hits you!
* * * LOW HITPOINT WARNING * * *
The rust devil corrodes you!
As you read the scroll of teleportation, it crumbles to dust.
You feel strangely unstable. The hellwing hits you!
* * * LOW HITPOINT WARNING * * *
The hellwing hits you!
* * * LOW HITPOINT WARNING * * *
The rust devil hits you.
* * * LOW HITPOINT WARNING * * *
The rust devil corrodes you!
It was a potion of brilliance.
You feel clever all of a sudden. The hellwing misses you.
The hellwing hits you.
* * * LOW HITPOINT WARNING * * *
The rust devil hits you.
You die...

#..# #..#
#..........
#..#
#..........
#..#
#..........
#..# .. #..#
... #..# ....
#..# .....
#..#####KK....
#...)4@4KK....
#..#####45....
.....# .....
###. .......#
.... ....
######h# ...
.... #.# ..
#### #.# . #.


You could see a hellwing, 2 rust devils, a kobold demonologist, a big kobold, a
white imp and 2 kobolds.

Vanquished Creatures
  A centaur warrior (D:10)
  An unseen horror (D:11)
  Pikel (D:5)
  A hill giant (D:11)
  An ugly thing (D:11)
  2 cyclopes (D:9)
  The ghost of eXcel the Cruncher, a novice MiGl of Okawaru (D:5)
  A kobold demonologist (D:11)
  A komodo dragon (D:11)
  A yaktaur (D:9)
  2 trolls
  Prince Ribbit (D:8)
  Grinder (D:6)
  4 hippogriffs
  2 wraiths (D:11)
  Grum (D:11)
  A soldier ant (D:10)
  Duvessa (D:5)
  2 orc warriors
  4 sky beasts
  3 phantoms
  A black bear (D:6)
  4 ice beasts
  4 ogres
  5 centaurs
  4 wolves (D:11)
  3 big kobolds
  Blork the orc (D:5)
  9 bullfrogs
  A wyvern skeleton (D:11)
  Dowan (D:5)
  7 scorpions
  9 crimson imps
  3 howler monkeys
  A bullfrog zombie (D:11)
  A centaur zombie (D:9)
  4 jellies
  Crazy Yiuf (D:2)
  9 hounds
  5 orc priests
  3 bullfrog skeletons
  2 centaur skeletons
  An iron imp (D:9)
  3 iguanas
  Terence (D:2)
  5 orc wizards
  A worker ant (D:7)
  A hound zombie (D:6)
  2 hound skeletons
  A gnoll (D:6)
  20 adders
  2 shadow imps
  2 oozes (D:1)
  An adder skeleton (D:4)
  2 worms
  2 dart slugs
  7 leopard geckos
  58 orcs
  2 bats
  12 giant cockroaches
  5 hobgoblins
  23 jackals
  12 kobolds
  4 quokkas
  6 ball pythons
  15 frilled lizards
  4 goblins
  A jackal skeleton (D:4)
  A jackal zombie (D:7)
  3 quokka skeletons
  11 rats
319 creatures vanquished.

Vanquished Creatures (collateral kills)
  Fannar (D:10)
  Joseph (D:7)
  2 worker ants
  An adder (D:10)
5 creatures vanquished.

Vanquished Creatures (others)
  An orc wizard (D:6)
  2 gnolls (D:6)
  3 orcs (D:6)
  A giant cockroach (D:6)
7 creatures vanquished.

Grand Total: 331 creatures vanquished

Notes
Turn   | Place    | Note
-------+----------+-------------------------------------------
     0 | D:1      | ErikD the Minotaur Berserker began the quest for the Orb.
     0 | D:1      | Reached XP level 1. HP: 19/19 MP: 0/0
    34 | D:1      | Reached XP level 2. HP: 25/27 MP: 1/1
   254 | D:1      | Reached XP level 3. HP: 31/33 MP: 2/2
   441 | D:1      | Reached ** piety under Trog
   700 | D:2      | Noticed Terence
   707 | D:2      | HP: 2/51 [poisoned by an adder]
   710 | D:2      | Killed Terence
   710 | D:2      | Reached XP level 4. HP: 3/41 MP: 3/3
   713 | D:2      | HP: 1/41 [poisoned by an adder]
   929 | D:2      | Reached skill level 5 in Maces & Flails
  1029 | D:2      | Found a runed door.
  1033 | D:2      | Noticed Crazy Yiuf
  1038 | D:2      | Killed Crazy Yiuf
  1038 | D:2      | Reached skill level 1 in Stealth
  1117 | D:2      | Reached XP level 5. HP: 23/47 MP: 4/4
  1624 | D:3      | Reached skill level 1 in Staves
  1672 | D:3      | HP: 2/70 [orc priest (2)]
  2042 | D:3      | Reached *** piety under Trog
  2042 | D:3      | Reached skill level 5 in Fighting
  2054 | D:3      | Reached skill level 2 in Staves
  2054 | D:3      | Reached XP level 6. HP: 52/56 MP: 5/5
  2098 | D:3      | Found a hazy altar of Hepliaklqana.
  2112 | D:3      | Found an opulent altar of Gozag.
  2365 | D:4      | Reached skill level 3 in Staves
  2400 | D:4      | Identified Kemouted's Almanac of the Frostbite and Summoning
  2421 | D:4      | Found a glowing silver altar of Zin.
  2463 | D:4      | Reached skill level 4 in Staves
  2463 | D:4      | Reached XP level 7. HP: 61/61 MP: 6/6
  2575 | D:4      | Found a glowing drain.
  2589 | Sewer    | Entered a sewer
  2723 | Sewer    | Reached **** piety under Trog
  2794 | Sewer    | Reached skill level 5 in Staves
  3564 | D:3      | Found a faded altar of an unknown god.
  3597 | D:3      | Found a burning altar of Makhleb.
  3757 | D:3      | Found a shimmering altar of Xom.
  4006 | D:5      | Entered Level 5 of the Dungeon
  4015 | D:5      | Reached skill level 6 in Staves
  4028 | D:5      | Noticed Blork the orc
  4030 | D:5      | Noticed Duvessa
  4030 | D:5      | Noticed Dowan
  4041 | D:5      | Killed Duvessa
  4041 | D:5      | Reached skill level 5 in Armour
  4041 | D:5      | Reached XP level 8. HP: 69/70 MP: 7/7
  4043 | D:5      | Killed Blork the orc
  4046 | D:5      | Killed Dowan
  4046 | D:5      | Reached skill level 7 in Staves
  4098 | D:5      | Noticed Prince Ribbit
  4361 | D:5      | Found a white marble altar of Elyvilon.
  4365 | D:5      | Noticed eXcel's ghost (novice MiGl)
  4377 | D:5      | Killed eXcel's ghost
  4377 | D:5      | Reached skill level 8 in Staves
  4461 | D:5      | Reached ***** piety under Trog
  4606 | D:5      | Reached skill level 9 in Staves
  4606 | D:5      | Reached XP level 9. HP: 67/79 MP: 8/8
  4909 | D:5      | Found a staircase to the Ecumenical Temple.
  4935 | D:5      | Found a radiant altar of Vehumet.
  4977 | Temple   | Entered the Ecumenical Temple
  5025 | D:6      | Noticed Pikel
  5039 | D:5      | Killed Pikel
  5129 | D:6      | Received a gift from Trog
  5132 | D:6      | Reached skill level 10 in Staves
  5269 | D:6      | Noticed Grinder
  5274 | D:6      | Killed Grinder
  5609 | D:6      | Found Eshul's Weapon Emporium.
  5761 | D:7      | Found Ziaxegh's Book Emporium.
  5983 | D:7      | Reached skill level 11 in Staves
  6001 | D:7      | Reached XP level 10. HP: 45/90 MP: 9/9
  6041 | D:7      | Received a gift from Trog
  6215 | D:7      | Found a shadowy altar of Dithmenos.
  6292 | D:7      | Noticed Joseph
  6318 | D:7      | Killed Joseph
  6924 | D:8      | Noticed a hand axe
  6925 | D:8      | Noticed a dagger
  6951 | D:8      | Found a hide-covered altar of Uskayaw.
  7027 | D:8      | Found Bungi's Antique Armour Emporium.
  7098 | D:6      | Bought the +1 quarterstaff of Nutzipic {vamp, MR+ Str+4} for 456 gold pieces
  7248 | D:8      | Killed Prince Ribbit
  7386 | D:8      | Found a glowing silver altar of Zin.
  7798 | D:9      | Found Rede's Weapon Shop.
  7866 | D:9      | Found a snail-covered altar of Cheibriados.
  7911 | D:9      | Reached skill level 12 in Staves
  7999 | D:9      | Noticed a cyclops
  8013 | D:9      | Noticed a cyclops
  8057 | D:9      | Killed a cyclops
  8171 | D:9      | Killed a cyclops
  8531 | D:9      | Found a white marble altar of Elyvilon.
  8858 | D:10     | Entered Level 10 of the Dungeon
  9208 | D:10     | Reached XP level 11. HP: 96/99 MP: 10/10
  9246 | D:10     | Found a staircase to the Lair.
  9267 | D:10     | Noticed a centaur warrior
  9279 | D:10     | HP: 6/148 [centaur warrior/shortbow (9)]
  9281 | D:10     | Killed a centaur warrior
  9281 | D:10     | Reached skill level 13 in Staves
  9281 | D:10     | Reached skill level 10 in Armour
  9580 | D:10     | Noticed Fannar
  9587 | D:10     | Killed Fannar
  9587 | D:10     | Reached skill level 10 in Fighting
  9881 | D:10     | Found Kyanaso's Book Emporium.
  9989 | D:10     | Found a portal to a secret trove of treasure.
 10135 | D:11     | Killed an unseen horror
 10498 | D:11     | Noticed a purple ugly thing
 10508 | D:11     | Killed a purple ugly thing
 10891 | D:11     | Noticed a hill giant
 10899 | D:11     | Killed a hill giant
 10938 | D:11     | Reached skill level 14 in Staves
 10974 | D:11     | Noticed Grum
 10987 | D:11     | Killed Grum
 11016 | D:11     | HP: 4/101 [hellwing[a kobold demonologist] (2)]
 11016 | D:11     | Slain by a rust devil

Skill      XL: |  1  2  3  4  5  6  7  8  9 10 11 |
---------------+----------------------------------+-----
Fighting       | 4 5 7 8 9 10 | 10.5
Maces & Flails | 4 5 |  5.9
Stealth        | 1 2 3 |  3.2
Armour         | 3 5 6 8 9 11 | 11.2
Staves         | 2 4 6 9 11 12 14 | 14.1
Dodging        | 3 4 |  4.8
Throwing       | |  0.6

Action                   |  1- 3 |  4- 6 |  7- 9 | 10-12 || total
-------------------------+-------+-------+-------+-------++-------
Melee: Mace              |    56 |    19 |       |       ||    75
       Headbutt          |     8 |    19 |    60 |    89 ||   176
       Quarterstaff      |       |    86 |   302 |   333 ||   721
Throw: Tomahawk          |       |       |     1 |     2 ||     3
Invok: Berserk           |     1 |     4 |     5 |     7 ||    17
       Brothers in Arms  |       |       |       |     2 ||     2
       Burn Spellbooks   |       |       |       |     1 ||     1
  Use: Potion            |       |     2 |       |     3 ||     5
       Scroll            |       |       |     3 |    11 ||    14
 Stab: Sleeping          |     2 |       |       |       ||     2
       Paralysed         |       |     1 |     3 |     1 ||     5
       Confused          |       |       |     1 |       ||     1
       Distracted        |       |       |       |     1 ||     1
  Eat: Chunk             |       |     8 |    10 |    13 ||    31
       Bread ration      |       |       |     2 |     1 ||     3
       Fruit             |       |       |       |     2 ||     2
       Meat ration       |       |       |       |     1 ||     1
       Pizza             |       |       |       |     1 ||     1
Armor: Animal skin       |     9 |       |       |       ||     9
       Scale mail        |       |    46 |    29 |       ||    75
       Chain mail        |       |       |   107 |   136 ||   243
Dodge: Dodged            |    32 |    55 |   123 |   143 ||   353
